AoeStats
← Turbox

African Clearing

510618666Analyzed
3v3 RM · 1d ago on Oct 1, 2026· 64m 2s· 6 players
Game mode
Random Map
Map size
Normal (6 player)
Population
200
Speed
Normal
Resources
Standard
Victory
Conquest
Starting age
Dark Age
Ending age
Imperial Age
RankedLock teamsTeams togetherTeam positionsShared explorationLock speedFull tech treeHidden civsTurbo modeCheats
Victory
Defeat
🇬🇧 Ethiopians · United Kingdom
1618
+11
🇨🇿 Burmese · Czechia
1549
+14
🇭🇰 Byzantines · Hong Kong SAR China
1507
+16
🇫🇷 Portuguese · France
1582
-16
🇬🇧 Hindustanis · United Kingdom
1531
-15
🇳🇱 Teutons · Netherlands
1406
-10
Turbox
13:07 Feudal Age
14:23 Loom
17:10 Castle Age
16:04 Horse Collar
16:12 Loom
18:40 Heavy Plow
21:13 Fervor
25:11 Town Watch
25:43 Gold Mining
27:02 Stone Mining
30:20 Wheelbarrow
32:45 Imperial Age
30:39 Scale Barding Armor
31:53 Bloodlines
31:44 Husbandry
32:05 Chain Barding Armor
31:55 Forging
33:16 Gold Shaft Mining
32:46 Manipur Cavalry
32:46 Elite Battle Elephant
34:23 Plate Barding Armor
34:23 Iron Casting
34:55 Iron Casting
34:28 Howdah
38:48 Blast Furnace
39:04 Crop Rotation
39:13 Scale Mail Armor
39:03 Fletching
41:49 Chain Mail Armor
41:00 Man-at-Arms
41:43 Squires
41:28 Gambesons
41:52 Long Swordsman
43:01 Conscription
42:03 Light Cavalry
43:08 Two-Handed Swordsman
43:49 Pikeman
43:57 Champion
45:05 Halberdier
46:30 Hand Cart
46:16 Town Patrol
47:48 Plate Mail Armor
47:15 Bodkin Arrow
47:06 Treadmill Crane
48:33 Hussar
50:15 Arson
63:51 Cavalier
64:32 Bracer
64:32 Padded Archer Armor
64:41 Siege Engineers
64:49 Masonry
64:50 Fortified Wall
65:41 Chemistry
mochichi4
10:24 Loom
12:32 Feudal Age
10:48 Loom
13:14 Double-Bit Axe
13:09 Horse Collar
14:06 Wheelbarrow
14:42 Fletching
32:59 Castle Age
34:24 Bow Saw
34:15 Heavy Plow
36:09 Wheelbarrow
39:22 Gold Mining
46:44 Imperial Age
44:42 Stone Mining
45:27 Gold Shaft Mining
46:12 Scale Barding Armor
47:35 Chain Barding Armor
47:26 Forging
47:40 Scale Mail Armor
47:28 Pikeman
48:09 Squires
49:22 Two-Man Saw
47:56 Cavalier
48:24 Halberdier
51:14 Chain Mail Armor
51:35 Iron Casting
51:35 Conscription
52:25 Chemistry
52:04 Capped Ram
52:41 Elite Varangian Guard
53:25 Siege Ram
55:34 Plate Mail Armor
55:49 Crop Rotation
56:35 Bombard Tower
60:42 Stone Shaft Mining
willdbeast
13:30 Feudal Age
13:25 Loom
15:12 Loom
15:37 Double-Bit Axe
18:10 Castle Age
16:07 Fletching
16:41 Padded Archer Armor
18:48 Bodkin Arrow
18:14 Crossbowman
19:08 Bow Saw
19:52 Town Watch
22:19 Wheelbarrow
24:31 Hand Cart
26:28 Ballistics
27:34 Horse Collar
28:44 Leather Archer Armor
36:07 Imperial Age
36:48 Thumb Ring
36:49 Bracer
39:55 Chemistry
42:02 Gold Mining
46:50 Scale Mail Armor
46:51 Squires
52:28 Heavy Plow
54:58 Ring Archer Armor
53:53 Elite Skirmisher
56:04 Conscription
57:45 Two-Man Saw
60:04 Masonry
63:19 Forging
63:48 Siege Engineers
Narwhals4Eva
12:10 Feudal Age
15:54 Castle Age
16:11 Loom
26:45 Double-Bit Axe
31:44 Wheelbarrow
30:50 Horse Collar
31:31 Gold Mining
32:44 Bow Saw
37:19 Imperial Age
36:59 Forging
36:50 Scale Mail Armor
37:20 Squires
37:43 Hand Cart
38:17 Chain Mail Armor
38:38 Iron Casting
38:05 Elite Ghulam
40:02 Iron Casting
40:02 Conscription
41:08 Scale Barding Armor
42:05 Blast Furnace
41:39 Bloodlines
41:30 Husbandry
40:50 Heavy Camel Rider
43:01 Chain Barding Armor
44:58 Plate Barding Armor
44:40 Imperial Camel Rider
46:07 Coinage
46:05 Grand Trunk Road
51:46 Shatagni
52:49 Chemistry
52:13 Padded Archer Armor
56:04 Light Cavalry
59:12 Hussar
JagWarrior
8:13 Loom
12:01 Feudal Age
13:18 Double-Bit Axe
15:23 Fletching
21:43 Castle Age
21:51 Padded Archer Armor
22:47 Wheelbarrow
21:57 Horse Collar
21:47 Crossbowman
23:10 Bodkin Arrow
32:21 Ballistics
33:53 Elite Skirmisher
35:02 Bow Saw
42:11 Imperial Age
42:17 Imperial Age
39:34 Town Watch
41:00 Thumb Ring
41:15 Heavy Plow
42:10 Leather Archer Armor
43:26 Bracer
45:06 Chemistry
47:07 Pikeman
47:57 Scale Mail Armor
48:18 Arbalester
50:41 Arquebus
50:14 Halberdier
51:12 Chain Mail Armor
52:13 Conscription
55:01 Plate Mail Armor
54:42 Forging
56:06 Two-Man Saw
55:37 Crop Rotation
54:59 Gold Mining
55:00 Stone Mining
55:04 Arson
58:24 Iron Casting
58:20 Ring Archer Armor
64:35 Blast Furnace
D3AGLEZ
12:28 Feudal Age
13:52 Double-Bit Axe
16:39 Castle Age
15:32 Double-Bit Axe
17:25 Loom
18:07 Bow Saw
20:46 Horse Collar
24:09 Town Watch
25:00 Wheelbarrow
25:14 Heavy Plow
27:14 Gold Mining
27:15 Stone Mining
32:47 Imperial Age
30:50 Scale Barding Armor
31:26 Forging
31:38 Bloodlines
33:04 Chain Barding Armor
34:17 Plate Barding Armor
33:19 Cavalier
35:00 Coinage
35:14 Iron Casting
34:04 Pikeman
34:35 Halberdier
37:02 Blast Furnace
36:12 Squires
35:57 Arson
36:33 Fletching
37:44 Bodkin Arrow
40:15 Crenellations
44:49 Gambesons
48:16 Conscription
49:43 Chemistry
52:54 Chemistry
51:56 Padded Archer Armor
54:22 Leather Archer Armor
55:30 Ring Archer Armor
61:19 Scale Mail Armor
Connection lost

Rejoining the realm…

Still unreachable

The connection could not be restored.

Session expired

The server has moved on; the page needs a fresh start.